 Dungeon Crawl Stone Soup version 0.20-a0-1109-ge3cd172 (webtiles) character file.

28945 graki42 the Grappler (level 13, 0/160 HPs)
             Began as an Ogre Transmuter on May 5, 2017.
             Was a High Priest of Makhleb.
             Slain by a freezing wraith (13 damage)
             ... in an ice cave.
             The game lasted 00:52:55 (14190 turns).

graki42 the Grappler (Ogre Transmuter)             Turns: 14190, Time: 00:52:56

Health: 0/160      AC:  7    Str: 19    XL:     13   Next: 42%
Magic:  26/26      EV: 12    Int: 16    God:    Makhleb [*****.]
Gold:   938        SH:  0    Dex:  9    Spells: 17/30 levels left

rFire    x . .     SeeInvis .     - Unarmed
rCold    + + +     Gourm    .   (shield currently unavailable)
rNeg     . . .     Faith    .   (armour currently unavailable)
rPois    +         Spirit   .   (helmet currently unavailable)
rElec    .         Reflect  .   (cloak currently unavailable)
rCorr    .         Harm     .   (gloves unavailable)
MR       ++...                  (boots unavailable)
Stlth    ++........             l - amulet of regeneration
Regen    0.8/turn               s - -2 ring of strength (curse)
MPRegen  0.2/turn               B - ring of poison resistance

@: ice-form, slowed, very slow
A: unfitting armour, blink, clever 1, magic resistance 1, robust 1, MP-powered
wands
a: End Transformation, Blink, Minor Destruction, Lesser Servant of Makhleb,
Major Destruction, Greater Servant of Makhleb, Renounce Religion


You were in an ice cave.
You worshipped Makhleb.
Makhleb was extremely pleased with you.
You were very hungry.
You were a creature of crystalline ice.
You visited 3 branches of the dungeon, and saw 15 of its levels.
You also visited: Sewer and Ice Cave.

You collected 938 gold pieces.

Inventory:

Missiles
 a - 334 arrows
Armour
 R - a +2 robe of cold resistance (melded)
Jewellery
 b - the amulet of the Assorted Songs {RegenMP rElec MR+ Str-4}
   (You acquired it on level 8 of the Dungeon)

   [amulet of magic regeneration]

   It increases your magic regeneration.
   It affects your strength (-4).
   It insulates you from electricity.
   It affects your resistance to hostile enchantments.
 l - an amulet of regeneration (around neck)
 s - a cursed -2 ring of strength (left front paw)
 y - an uncursed ring of protection from fire
 B - a ring of poison resistance (right front paw)
 H - a +3 amulet of reflection
 Q - a cursed -2 ring of strength
 S - a cursed -3 ring of protection {unknown}
 X - the ring "Hyqunele" {rF+ rC+ Str+7 Dex+2 Slay+3, unknown}
   (You found it on level 3 of the Lair of Beasts)

   [ring of protection from cold]

   It affects your strength (+7).
   It affects your dexterity (+2).
   It affects your accuracy and damage with ranged weapons and melee attacks
   (+3).
   It protects you from fire.
   It protects you from cold.
Wands
 x - a wand of random effects (12/48)
 C - a wand of flame (28/48)
 F - a wand of flame (12/48)
 I - a wand of flame (18/48)
 J - a wand of disintegration (9/24)
 M - a wand of enslavement (13/24)
 U - a wand of iceblast (8/15)
 W - a wand of random effects (21/48)
Scrolls
 i - 3 scrolls of amnesia
 k - 2 scrolls of immolation
 n - 5 scrolls of magic mapping
 o - 8 scrolls of teleportation
 r - 3 scrolls of fog
 u - 4 scrolls of enchant armour
 w - 2 scrolls of recharging
 A - 2 scrolls of identify
 E - a scroll of noise
 N - a scroll of holy word
 O - a scroll of silence {unknown}
 V - a scroll of blinking
Potions
 c - 4 potions of haste
 e - 2 potions of brilliance
 h - 3 potions of lignification {unknown}
 j - 2 potions of might
 p - 2 potions of magic
 q - 5 potions of flight
 t - a potion of heal wounds {unknown}
 v - 2 potions of resistance
 z - a potion of agility
 G - 5 potions of curing
 K - a potion of berserk rage {unknown}
 L - 2 potions of mutation
 P - 2 potions of invisibility {unknown}
Books
 D - a book of Minor Magic

   Spells                             Type                      Level
   a - Magic Dart                     Conjuration                  1
   b - Blink                          Translocation                2
   c - Call Imp                       Summoning                    2
   d - Slow                           Hexes                        2
   e - Conjure Flame                  Conjuration/Fire             3
   f - Mephitic Cloud                 Conjuration/Poison/Air       3
 T - a book of Debilitation

   Spells                             Type                      Level
   a - Corona                         Hexes                        1
   b - Slow                           Hexes                        2
   c - Inner Flame                    Hexes/Fire                   3
   d - Portal Projectile              Hexes/Translocation          3
   e - Cause Fear                     Hexes                        4
   f - Leda's Liquefaction            Hexes/Earth                  4
Comestibles
 d - 13 bread rations
 f - 9 meat rations
 g - 17 royal jellies
 m - 36 fruits


   Skills:
 + Level 6.5 Fighting
 + Level 6.9 Dodging
 + Level 3.3 Stealth
 + Level 11.8 Unarmed Combat
 + Level 9.2 Spellcasting
 * Level 9.4 Transmutations
 + Level 7.3 Ice Magic
 - Level 2.1 Poison Magic
 * Level 5.0 Invocations


You had 17 spell levels left.
You knew the following spells:

 Your Spells              Type           Power        Failure   Level  Hunger
a - Beastly Appendage     Tmut           #####.       1%          1    None
b - Spider Form           Tmut/Pois      ####......   2%          3    #......
c - Ice Form              Ice/Tmut       ####....     3%          4    ###....
d - Blade Hands           Tmut           #####.....   5%          5    #####..


Dungeon Overview and Level Annotations

Branches:
Dungeon (10/15)            Temple (1/1) D:5            Lair (4/6) D:10
  Swamp (0/4) Lair:4       Spider (0/4) Lair:4
    Orc: D:9-12

Altars:
Ashenzari
Cheibriados
Dithmenos
Elyvilon
Fedhas
Gozag
Kikubaaqudgha
Makhleb
Nemelex Xobeh
Okawaru
Qazlal
Ru
Trog
Vehumet
Wu Jian
Xom
Yredelemnul
Zin
The Shining One

Shops:
D:7 (

Portals:
Trove: D:10 (give 7 potions of haste)


Innate Abilities, Weirdness & Mutations

You are too large for most types of armour.
((You have tough skin. (AC +1)))
You can translocate small distances at will.
Your mind is acute. (Int +2)
You are resistant to hostile enchantments. (MR+)
You are robust. (+10% HP)
You expend magic power (3 MP) to strengthen your wands.


Message History

The freezing wraith drains your vigour!
You feel yourself slow down. The freezing wraith hits you.
* * * LOW HITPOINT WARNING * * *
The freezing wraith freezes you. You resist.
* * * LOW HITPOINT WARNING * * *
The freezing wraith hits you.
* * * LOW HITPOINT WARNING * * *
The freezing wraith drains your vigour!
You feel as though you will be slow longer.
The freezing wraith hits you!
* * * LOW HITPOINT WARNING * * *
The freezing wraith freezes you. You resist.
* * * LOW HITPOINT WARNING * * *
The freezing wraith hits you!
* * * LOW HITPOINT WARNING * * *
The freezing wraith drains your vigour!
You feel as though you will be slow longer.
Your neqoxec misses the freezing wraith.
The freezing wraith hits you!
You die...

#..###
##....###........##
#...##
##...............##
##...###
####.............#
###...###
##............#
###...###
##..........#
##....###
##.#....#.##
###....## ####..##
###...## ##..#
###Y.# ##..## #WW##
#..## .......W##
#...## .......3#
##...## ........#
##...# ........#
##...# .......##
#...## ##...##
##...## ##..
##.....##


You could see 3 freezing wraiths and a friendly neqoxec.

Vanquished Creatures
  A fire dragon (Lair:1)
  A hydra (Lair:3)
  A centaur warrior (D:10)
  4 two-headed ogres
  Erica (D:10)
  5 death yaks
  Sonja (Lair:3)
  A flayed ghost (D:10)
  3 oklob plants (Lair:3)
  An ugly thing (D:8)
  2 black mambas
  Joseph (D:9)
  3 spiny frogs
  A rime drake (Lair:4)
  4 freezing wraiths (IceCv)
  3 komodo dragons
  Prince Ribbit (D:9)
  A queen bee (D:8)
  2 trolls
  A hornet (D:7)
  8 blink frogs (Lair:3)
  4 hippogriffs
  Grinder (D:3)
  6 yaks
  A wraith (D:10)
  A basilisk (Lair:1)
  2 steam dragons
  Grum (D:8)
  7 water moccasins
  6 porcupines
  2 black bears
  4 orc warriors
  8 ice beasts
  2 sky beasts
  An alligator simulacrum (IceCv)
  A phantom (D:8)
  31 wolves
  2 centaurs
  3 ogres
  11 crocodiles
  2 big kobolds (Sewer)
  4 bullfrogs
  2 wyvern skeletons
  2 scorpions
  A water moccasin skeleton (D:8)
  14 killer bees
  3 elephant simulacra (IceCv)
  9 wights
  4 howler monkeys
  An electric eel (D:9)
  7 crimson imps
  5 orc priests
  A centaur skeleton (D:5)
  2 hounds
  9 orc wizards
  A bullfrog skeleton (D:4)
  An iguana (D:4)
  4 worker ants
  2 hound zombies (D:7)
  A worker ant zombie (D:10)
  15 adders
  A river rat (Sewer)
  A shadow imp (D:9)
  5 white imps (IceCv)
  4 oozes
  6 worms
  2 dart slugs
  8 leopard geckos
  26 orcs
  7 ball pythons
  9 bats
  9 giant cockroaches
  3 goblins
  7 hobgoblins
  12 jackals
  3 quokkas
  6 frilled lizards
  A jackal zombie (D:5)
  12 kobolds
  A leopard gecko skeleton (D:6)
  A leopard gecko zombie (D:7)
  A quokka skeleton (D:5)
  8 rats
363 creatures vanquished.

Vanquished Creatures (collateral kills)
  A wolf (Lair:3)
1 creature vanquished.

Vanquished Creatures (others)
  A leopard gecko (D:1)
  6 fungi
  2 plants (Lair:3)
9 creatures vanquished.

Grand Total: 373 creatures vanquished

Notes
Turn   | Place    | Note
-------+----------+-------------------------------------------
     0 | D:1      | graki42 the Ogre Transmuter began the quest for the Orb.
     0 | D:1      | Reached XP level 1. HP: 19/19 MP: 3/3
   458 | D:1      | Reached XP level 2. HP: 10/27 MP: 3/5
   474 | D:1      | Reached skill level 3 in Unarmed Combat
  1001 | D:1      | Reached XP level 3. HP: 24/33 MP: 5/7
  1440 | D:2      | Found a stormy altar of Qazlal.
  1482 | D:2      | Reached XP level 4. HP: 16/41 MP: 8/8
  1866 | D:2      | Found a snail-covered altar of Cheibriados.
  1937 | D:2      | Learned a level 3 spell: Spider Form
  2811 | D:3      | Found a white marble altar of Elyvilon.
  2882 | D:3      | Reached XP level 5. HP: 16/49 MP: 4/9
  3343 | D:3      | Found an iron altar of Okawaru.
  3345 | D:3      | Noticed Grinder
  3359 | D:3      | Paralysed by Grinder for 5 turns
  3375 | D:3      | Gained mutation: You are resistant to hostile enchantments. (MR+) [potion of mutation]
  3375 | D:3      | Gained mutation: You are clumsy. (Dex -2) [potion of mutation]
  3375 | D:3      | Gained mutation: You expend magic power (3 MP) to strengthen your wands. [potion of mutation]
  3375 | D:3      | Gained mutation: You can translocate small distances at will. [potion of mutation]
  3439 | D:4      | Lost mutation: You are clumsy. (Dex -2) [potion of mutation]
  3439 | D:4      | Lost mutation: You are resistant to hostile enchantments. (MR+) [potion of mutation]
  3439 | D:4      | Gained mutation: You are resistant to hostile enchantments. (MR+) [potion of mutation]
  3439 | D:4      | Gained mutation: You are robust. (+10% HP) [potion of mutation]
  3439 | D:4      | Gained mutation: Your mind is acute. (Int +2) [potion of mutation]
  3480 | D:4      | Found a glowing drain.
  3497 | Sewer    | Entered a sewer
  3566 | Sewer    | Noticed a big kobold
  3580 | Sewer    | Killed a big kobold
  3580 | Sewer    | Reached skill level 1 in Stealth
  3580 | Sewer    | Reached skill level 4 in Unarmed Combat
  3580 | Sewer    | Reached skill level 1 in Poison Magic
  3580 | Sewer    | Reached XP level 6. HP: 46/62 MP: 6/11
  4049 | D:4      | Reached XP level 7. HP: 24/71 MP: 4/13
  4166 | D:4      | Learned a level 4 spell: Ice Form
  4172 | D:4      | Learned a level 5 spell: Blade Hands
  4597 | D:3      | Killed Grinder
  4597 | D:3      | Reached skill level 1 in Ice Magic
  4736 | D:5      | Entered Level 5 of the Dungeon
  4757 | D:5      | Reached skill level 5 in Unarmed Combat
  4760 | D:5      | Found a shadowy altar of Dithmenos.
  4859 | D:5      | Reached XP level 8. HP: 72/79 MP: 8/14
  5083 | D:5      | Found a basalt altar of Yredelemnul.
  5291 | D:5      | Found a shimmering altar of Xom.
  5308 | D:5      | Found a staircase to the Ecumenical Temple.
  5321 | Temple   | Entered the Ecumenical Temple
  5379 | Temple   | Became a worshipper of Makhleb the Destroyer
  5590 | D:6      | Found a radiant altar of Vehumet.
  6194 | D:7      | Reached * piety under Makhleb
  6313 | D:7      | Reached skill level 6 in Unarmed Combat
  6401 | D:7      | Reached skill level 5 in Spellcasting
  6482 | D:7      | Noticed a hornet
  6495 | D:7      | Killed a hornet
  6495 | D:7      | Reached XP level 9. HP: 41/88 MP: 11/16
  6638 | D:7      | Found a snail-covered altar of Cheibriados.
  6727 | D:7      | Reached skill level 5 in Transmutations
  6939 | D:7      | Found Fotir's Weapon Boutique.
  7175 | D:8      | Noticed a two-headed ogre
  7182 | D:8      | Killed a two-headed ogre
  7182 | D:8      | Reached skill level 7 in Unarmed Combat
  7254 | D:8      | Reached ** piety under Makhleb
  7329 | D:8      | Reached XP level 10. HP: 93/100 MP: 13/18
  7547 | D:8      | Reached skill level 5 in Dodging
  7547 | D:8      | Reached skill level 8 in Unarmed Combat
  7735 | D:8      | Noticed a two-headed ogre
  7736 | D:8      | Noticed Grum
  7743 | D:8      | Killed a two-headed ogre
  7743 | D:8      | Reached skill level 5 in Ice Magic
  7750 | D:8      | Killed Grum
  7751 | D:8      | Noticed a cyan ugly thing
  7756 | D:8      | Killed a cyan ugly thing
  7849 | D:8      | Identified a scroll of acquirement
  7850 | D:8      | Got a crude jade amulet
  8116 | D:9      | Noticed Prince Ribbit
  8125 | D:9      | Killed Prince Ribbit
  8129 | D:9      | Reached XP level 11. HP: 111/111 MP: 16/20
  8130 | D:9      | Reached skill level 9 in Unarmed Combat
  8154 | D:9      | Identified the amulet of the Assorted Songs {RegenMP rElec MR+ Str-4} (You acquired it on level 8 of the Dungeon)
  8161 | D:9      | Found an opulent altar of Gozag.
  8163 | D:9      | Found a glowing golden altar of the Shining One.
  8163 | D:9      | Found an ancient bone altar of Kikubaaqudgha.
  8170 | D:9      | Found an iron altar of Okawaru.
  8172 | D:9      | Reached *** piety under Makhleb
  8220 | D:9      | Noticed a two-headed ogre
  8230 | D:9      | Killed a two-headed ogre
  8300 | D:9      | Noticed a two-headed ogre
  8313 | D:9      | Killed a two-headed ogre
  8581 | D:9      | Noticed Joseph
  8607 | D:9      | Killed Joseph
  8969 | D:10     | Entered Level 10 of the Dungeon
  8991 | D:10     | Noticed a death yak
  9119 | D:10     | Noticed Erica
  9131 | D:10     | Killed Erica
  9131 | D:10     | Reached skill level 5 in Fighting
  9244 | D:10     | Noticed a death yak
  9248 | D:10     | Noticed a death yak
  9253 | D:10     | Noticed a death yak
  9255 | D:10     | Noticed a death yak
  9267 | D:9      | Killed a death yak
  9288 | D:9      | Killed a death yak
  9419 | D:9      | Killed a death yak
  9419 | D:9      | Reached skill level 10 in Unarmed Combat
  9581 | D:10     | Killed a death yak
  9596 | D:10     | Killed a death yak
  9596 | D:10     | Reached XP level 12. HP: 36/122 MP: 20/22
  9774 | D:10     | Found a staircase to the Lair.
  9905 | D:10     | Found a shimmering altar of Xom.
  9905 | D:10     | Found a shimmering altar of Xom.
  9905 | D:10     | Found a shimmering altar of Xom.
  9905 | D:10     | Found a shimmering altar of Xom.
  9905 | D:10     | Found a shimmering altar of Xom.
  9905 | D:10     | Found a shimmering altar of Xom.
  9905 | D:10     | Found a shimmering altar of Xom.
  9905 | D:10     | Found a shimmering altar of Xom.
  9906 | D:10     | Found a shimmering altar of Xom.
  9906 | D:10     | Found a shimmering altar of Xom.
  9942 | D:10     | Found a shimmering altar of Xom.
 10124 | D:10     | Found a portal to a secret trove of treasure.
 10193 | D:10     | Noticed a centaur warrior
 10197 | D:10     | Killed a centaur warrior
 10281 | Lair:1   | Entered Level 1 of the Lair of Beasts
 10608 | Lair:1   | Noticed a fire dragon
 10623 | Lair:1   | Killed a fire dragon
 10911 | Lair:1   | Reached skill level 1 in Invocations
 12156 | Lair:2   | Reached **** piety under Makhleb
 12441 | Lair:3   | Noticed Sonja
 12454 | Lair:3   | Killed Sonja
 12454 | Lair:3   | Reached skill level 11 in Unarmed Combat
 12864 | Lair:3   | Reached XP level 13. HP: 107/132 MP: 14/25
 12903 | Lair:3   | Got a scorched iron ring
 13795 | Lair:4   | Found a frozen archway.
 13823 | IceCv    | Entered an ice cave
 13981 | IceCv    | Reached ***** piety under Makhleb
 14170 | IceCv    | Reached skill level 5 in Invocations
 14190 | IceCv    | Slain by a freezing wraith

Vault maps used:
D:1:      ncdulo_smallfort, lemuel_flame_loot_1
D:2:      nicolae_qazlal_general_emergency, lemuel_doored_altar,
          kennysheep_generic_room_6
D:3:      elyvilon_altar_4, okawaru_trees_1, uniq_grinder
D:4:      cheibrodos_sewer_entry_drain, first_bread
D:5:      overflow_temple_1_default, kennysheep_little_box,
          minmay_temple_entry_overgrown, basic_altar
D:6:      vehumet_altar_wand_db, minivault_24, abandoned_shop
D:7:      serial_shops, kennysheep_mini, basic_altar
D:8:      david_nohive_1, uniq_grum
D:9:      chequers_temple_overflow_statue_of_worship, minivault_4,
          lightli_fourway_metalbox, uniq_joseph, uniq_prince_ribbit1
D:10:     minmay_blocky_corners, dpeg_lair_monsters,
          nicolae_trove_entry_diagonal, minmay_crystal_water, xom_shifter_show,
          uniq_erica
Temple:   hc_temple_tempest_star
Lair:1:   dragon1_lemuel, serial_bayou_shore_b, lemuel_fruit_tree,
          grunt_megastairs_2
Lair:2:   st_stairs_7
Lair:3:   grunt_forest_large_clearings, minmay_lair_oklob_chamber, uniq_sonja
Lair:4:   swamp_mist_pool, spider_nest_entry_rubble,
          portal_ice_cave_entry_pillars_1, grunt_megastairs_5,
          lemuel_fruit_fields, serial_bayou_shore_b, lemuel_fruit_fields
Sewer:    sewer_co_15_rooms
IceCv:    ice_cave_small_necro

Skill      XL: |  1  2  3  4  5  6  7  8  9 10 11 12 13 |
---------------+----------------------------------------+-----
Unarmed Combat | 3 4 5 6 7 8 10 11 | 11.8
Dodging        | 2 3 4 5 6 |  6.9
Transmutations | 2 3 4 6 8 9 |  9.4
Spellcasting   | 3 4 5 6 7 8 9 |  9.2
Fighting       | 2 3 4 5 6 |  6.5
Stealth        | 1 2 3 |  3.3
Poison Magic   | 1 2 |  2.1
Ice Magic      | 2 3 4 5 6 7 |  7.3
Invocations    | 3 5 |  5.0

Action                   |  1- 3 |  4- 6 |  7- 9 | 10-12 | 13-15 || total
-------------------------+-------+-------+-------+-------+-------++-------
Melee: Unarmed           |   138 |   254 |   291 |   501 |   151 ||  1335
       Kick              |     8 |     7 |       |     1 |       ||    16
       Headbutt          |     2 |     1 |       |     1 |       ||     4
       Punch             |       |       |       |     2 |     1 ||     3
 Cast: Beastly Appendage |    20 |    11 |       |     4 |       ||    35
       Spider Form       |       |    23 |    29 |    16 |     2 ||    70
       Ice Form          |       |       |    10 |    29 |     6 ||    45
       Blade Hands       |       |       |       |    12 |     7 ||    19
Invok: Lesser Servant of |       |       |       |     2 |     2 ||     4
  Use: Potion            |       |     6 |     1 |     1 |       ||     8
       Scroll            |       |       |    13 |     8 |     1 ||    22
 Stab: Sleeping          |       |       |     4 |     3 |       ||     7
       Distracted        |       |       |       |     1 |       ||     1
  Eat: Chunk             |     2 |    12 |    15 |    21 |     6 ||    56
       Fruit             |       |       |       |     5 |     1 ||     6
       Royal jelly       |       |       |       |     1 |       ||     1
Armor: Robe              |    48 |    31 |     4 |    13 |     5 ||   101
       Skin              |       |    14 |    28 |    43 |    20 ||   105
Dodge: Dodged            |    87 |   161 |   257 |   368 |    87 ||   960
